 Dungeon Crawl Stone Soup version 0.31-a0-4-gefa6de2278 (webtiles) character file.

Game seed: 10324397005449382783

174256 jasper the Eclecticist (level 17, -4/126 (128) HPs)
             Began as a Demonspawn Earth Elementalist on May 3, 2023.
             Was a High Priest of Vehumet.
             Killed from afar by a deep elf sorcerer (38 damage)
             ... with damnation
             ... on level 2 of the Abyss.
             The game lasted 01:02:23 (31764 turns).

jasper the Eclecticist (DsEE)                      Turns: 31764, Time: 01:02:23

HP:   -4/126 (128)  AC: 20    Str:  9    XL:     17   Next: 44%
MP:   7/36          EV: 16    Int: 30    God:    Vehumet [*****.]
Gold: 1352          SH: 12    Dex: 14    Spells: 19/46 levels left

rFire   + .          .
                       - Unarmed
rCold   + . .        K - +3 buckler
rNeg    . . .        t - +0 steam dragon scales
rPois   +            c - +2 hat {Will+}
rElec   .            P - scarf {rC+ rF+}
rCorr   .            (no gloves)
SInv    .            R - +2 pair of boots
Will    ++...        g - amulet of regeneration
Stlth   ++           C - +6 ring of intelligence
HPRegen 0.00/turn    x - ring of poison resistance
MPRegen 0.25/turn

%: no passive effects
@: sick, lightly drained
A: thin metallic scales 1, icemail 2, condensation shield, demonic magic 3,
demonic touch 1
a: Renounce Religion


You were on level 2 of the Abyss.
You worshipped Vehumet.
Vehumet was extremely pleased with you.
You visited 5 branches of the dungeon, and saw 26 of its levels.
You visited the Abyss 1 time.
You also visited: Sewer, Bailey and Gauntlet.

You collected 2571 gold pieces.
You spent 1219 gold pieces at shops.

Inventory:

Missiles
 n - a throwing net
 y - a curare-tipped dart
Armour
 c - a +2 hat of willpower (worn)
 t - +0 steam dragon scales (worn)
 K - a +3 buckler (worn)
 M - a +2 robe of cold resistance
 P - a scarf of resistance (worn)
 R - a +2 pair of boots (worn)
Magical Staves
 p - a staff of death
Jewellery
 a - an amulet of the acrobat
 g - an amulet of regeneration (around neck)
 q - a ring of resist corrosion
 r - a +6 ring of intelligence
 x - a ring of poison resistance (right hand)
 C - a +6 ring of intelligence (left hand)
 I - a ring of ice
 J - a ring of protection from fire
 O - a ring of see invisible
 T - an amulet of faith
 U - a ring of the Octopus King {HP+2 AC+2 EV+2 SH+2 SInv}
   (You found it on level 5 of the Lair of Beasts)

   [ring of see invisible]

   AC:        It affects your AC (+2).
   EV:        It affects your evasion (+2).
   HP:        It affects your health (+2).
   SInv:      It lets you see invisible.
   SH:        It affects your SH (+2).
 Z - an amulet of magic regeneration
Wands
 B - a wand of flame (24)
 F - a wand of mindburst (6)
 G - a wand of digging (6)
 S - a wand of paralysis (17)
 X - a wand of polymorph (5)
Scrolls
 d - 2 scrolls of magic mapping
 i - 2 scrolls of enchant weapon
 j - a scroll of immolation
 u - a scroll of brand weapon
 A - 13 scrolls of identify
 D - 2 scrolls of fear
 H - 2 scrolls of teleportation
 N - 5 scrolls of blinking
 V - a scroll of butterflies
 W - 2 scrolls of fog
Potions
 b - 6 potions of magic
 f - 3 potions of resistance
 h - 2 potions of ambrosia
 k - 14 potions of curing
 l - 5 potions of attraction
 m - 5 potions of mutation
 o - 8 potions of might
 s - 3 potions of lignification
 v - 6 potions of brilliance
 w - 5 potions of haste
 z - 4 potions of invisibility
 E - 4 potions of cancellation
 L - 4 potions of degeneration
 Q - 7 potions of berserk rage


   Skills:
 - Level 10.0 Fighting
 - Level 10.0 Dodging
 - Level 1.7 Stealth
 - Level 5.2 Shields
 - Level 10.0 Unarmed Combat
 - Level 15.0 Spellcasting
 - Level 10.0 Conjurations
 + Level 12.6 Necromancy
 - Level 0.8 Transmutations
 + Level 13.0 Earth Magic


You had 19 spell levels left.
You knew the following spells:

 Your Spells              Type           Power      Damage    Failure   Level
a - Sandblast             Erth           100%       2d20      0%          1
b - Passwall              Tmut/Erth      49%        N/A       1%          2
c - Stone Arrow           Conj/Erth      100%       3d13      1%          3
d - Borgnjor's Vile Clut  Necr/Erth      39%        N/A       1%          5
e - Sublimation of Blood  Necr           78%        N/A       1%          2
f - Lee's Rapid Deconstr  Erth           39%        3d19*     1%          5
g - Swiftness             Air            22%        N/A       9%          3
h - Iron Shot             Conj/Erth      37%        9d7       1%          6

Your spell library contained the following spells:

 Spells                   Type           Power      Damage    Failure   Level
 Spellforged Servitor     Conj/Summ      25%        N/A       58%         7
 Hailstorm                Conj/Ice       51%        3d11      1%          3
 Vampiric Draining        Necr           78%        2d11      1%          3
 Animate Dead             Necr           78%        N/A       1%          4
 Flame Wave               Conj/Fire      51%        2d13      1%          4
 Petrify                  Tmut/Erth      59%        N/A       1%          4
 Sticky Flame             Conj/Fire      51%        2d7       1%          4
 Inner Flame              Hex/Fire       22%        N/A       2%          3
 Irradiate                Conj/Tmut      26%        3d20      2%          5
 Death Channel            Necr           39%        N/A       2%          6
 Slow                     Hex            88%        N/A       3%          1
 Ensorcelled Hibernation  Hex/Ice        44%        N/A       4%          2
 Confusing Touch          Hex            22%        N/A       9%          3
 Portal Projectile        Hex/Tloc       44%        N/A       9%          3
 Tukima's Dance           Hex            22%        N/A       9%          3
 Yara's Violent Unravell  Hex/Tmut       12%        3d7       17%         5
 Ice Form                 Ice/Tmut       25%        N/A       24%         4
 Manifold Assault         Tloc           22%        N/A       28%         4
 Simulacrum               Ice/Necr       28%        N/A       34%         6
 Blade Hands              Tmut           13%        N/A       50%         5
 Alistair's Intoxication  Tmut/Pois      16%        N/A       56%         5
 Eringya's Noxious Bog    Tmut/Pois      12%        N/A       65%         6
 Borgnjor's Revivificati  Necr           39%        N/A       73%         8
 Dispersal                Tloc           11%        N/A       99%         6
 Enfeeble                 Hex            11%        N/A       100%        7
 Disjunction              Tloc           11%        N/A       100%        8
 Necromutation            Tmut/Necr      29%        N/A       100%        8
 Death's Door             Necr           39%        N/A       100%        9


Dungeon Overview and Level Annotations

Branches:
Dungeon (15/15)            Temple (1/1) D:7            Lair (5/5) D:9
  Swamp (0/4) Lair:3       Spider (0/4) Lair:3          Orc (2/2) D:12
    Elf (3/3) Orc:2        Vaults (0/5) D:13         Depths (0/4) D:15
  Sewer (visited)          Bailey (visited)         Gauntlet (visited)
  Slime: Lair:4-5

Altars:
Ashenzari
Cheibriados
Dithmenos
Fedhas
Gozag
Hepliaklqana
Kikubaaqudgha
Makhleb
Nemelex Xobeh
Okawaru
Qazlal
Ru
Sif Muna
Trog
Uskayaw
Vehumet
Wu Jian
Xom
Yredelemnul
Jiyva

Shops:
D:3 *   D:5 (   D:7 :   D:12 *   Orc:2 =:?(   Elf:2 (

Annotations:
D:2 Robin
D:10 1 runed translucent door, bande's ghost, novice GrFi
D:14 3 runed translucent doors, Sobieck's ghost, journeyman SpVM
Lair:4 exclusion: oklob plant
Lair:5 2 transporters, LobsterGuardian's ghost, journeyman TrBr
Elf:2 3 runed translucent doors


Innate Abilities, Weirdness & Mutations

You are partially covered in thin metallic scales. (AC +2)
A meltable icy envelope protects you from harm. (AC +8)
A meltable shield of frost defends you. (SH +4)
Spells you cast and wands you use may paralyse nearby enemies.
Your touch may inflict minor irresistible damage on your foes.


Message History

The zombie hands constrict the ancient zyme!
The zombie hands constrict the ancient zyme!
You destroy the ancient zyme!
Vehumet accepts your kill.
The deep elf sorcerer points at you and mumbles some strange words.
The bolt of acid misses you.
Casting: Stone Arrow (safe; 1% risk of failure)
Confirm with . or Enter, or press ? or * to list all spells.
Aiming: Borgnjor's Vile Clutch (mildly dangerous; 1% risk of failure)
Press: ? - help, Shift-Dir - straight line, f - deep elf sorcerer
Aim: a deep elf sorcerer, wielding a +0 rapier (fast, 100% to hit)
Zombie hands grab the deep elf sorcerer.
Malevolent energies surge around you.
The zombie hands constrict the deep elf sorcerer!
The deep elf sorcerer closely misses you.
You now have 9/36 mp.
Casting: Borgnjor's Vile Clutch (mildly dangerous; 1% risk of failure)
Confirm with . or Enter, or press ? or * to list all spells.
Aiming: Stone Arrow (safe; 1% risk of failure)
Press: ? - help, Shift-Dir - straight line, f/p - deep elf sorcerer
Aim: a deep elf sorcerer, wielding a +0 rapier (lightly wounded, fast, constricted by zombie hands, 100% to hit)
The stone arrow hits the deep elf sorcerer!!
The deep elf sorcerer is severely wounded.
Malevolent energies surge around you.
The zombie hands constrict the deep elf sorcerer!
The deep elf sorcerer gestures at you while chanting.
You resist with almost no effort.
You feel ill.
The deep elf sorcerer gestures at you while chanting.
The bolt of acid hits you!!
You hear a shout!
You take 24 damage, and have 81/126 hp.
You now have 6/36 mp.
The zombie hands lose their grip on something.
The deep elf sorcerer gestures at you while chanting.
The sphere of damnation explodes!
The damnation engulfs you!!!
* * * LOW HITPOINT WARNING * * *
You hear a shout!
You hear a roar!
You hear a screech!
You take 47 damage, and have 34/126 hp.
MASSIVE DAMAGE!!
The deep elf sorcerer points at you and mumbles some strange words.
The sphere of damnation explodes!
The damnation engulfs you!!!
You die...

# ## ### # .
#.. #)#)#...#
## #.#..# ..#
#....# #..
#..#.###.#
##)#.##@#
#...##.##
###...#e.#
#.#..x.##.#
###.#.##.##.#
x. ##ยง ..###
..## # ..##.#
## #..##. .#.
#..


You could see a deep elf sorcerer (fast) and an ancient zyme.

Vanquished Creatures
  A deep elf blademaster (Elf:3)
  Rupert (D:14)
  Kirke (D:14)
  2 deep elf elementalists (Elf:3)
  An orc warlord (Bailey)
  A deep elf demonologist (Elf:3)
  A minotaur (Gauntlet)
  A deep elf annihilator (Elf:2)
  Snorg (Orc:1)
  3 deep elf death magi
  A rakshasa (D:15)
  An entropy weaver (Gauntlet)
  Erolcha (Orc:2)
  Fannar (D:11)
  A vault guard (D:13)
  2 ogre magi (Orc:2)
  A merfolk avatar (Lair:5)
  4 hydras
  5 boulder beetles
  Erica (Lair:1)
  A catoblepas (D:15)
  5 centaur warriors
  5 two-headed ogres
  13 dancing weapons
  A tengu warrior (D:14)
  9 death yaks
  Nergalle (Orc:2)
  Amaemon (Lair:1)
  A fire crab (Gauntlet)
  A sun demon (Abyss:2)
  9 deep elf knights
  A sixfirhy (Gauntlet)
  2 skysharks (Lair:5)
  A wretched star (Abyss:2)
  2 sea snakes (Lair:5)
  3 skeletal warriors (D:14)
  A deep elf archer (Elf:1)
  A deep troll (D:12)
  A glowing orange brain (D:15)
  2 orc knights
  A wizard (D:13)
  A lindwurm (Lair:5)
  16 deep elf pyromancers
  3 starcursed masses (Abyss:2)
  A steelbarb worm (shapeshifter) (D:15)
  5 ugly things
  16 deep elf zephyrmancers
  6 orc sorcerers (Orc:2)
  A wolf spider (Gauntlet)
  9 cyclopes
  4 manticores
  11 elephants
  4 black mambas
  A gargoyle (D:13)
  11 komodo dragons
  An orange demon (Lair:1)
  16 cane toads
  4 rime drakes
  2 unseen horrors
  3 efreet
  An ancient zyme (Abyss:2)
  2 tengu conjurers (D:14)
  6 polar bears
  A meliai (Lair:3)
  A wolf spider simulacrum (D:14)
  A hornet (shapeshifter) (D:13)
  5 trolls
  7 hornets
  A wind drake (Lair:5)
  41 blink frogs
  8 dream sheep (Lair:5)
  2 air elementals
  5 wraiths
  2 shadows (D:11)
  24 slime creatures
  22 humans (D:13)
  A vampire (D:12)
  27 yaks
  5 basilisks
  A water elemental (Elf:2)
  9 fire bats
  5 wyverns
  3 fire elementals
  2 large abominations (Abyss:2)
  Grum (D:10)
  6 hogs (D:14)
  2 chaos spawn (Abyss:2)
  2 steam dragons
  A hog (shapeshifter) (Elf:2)
  A redback (Gauntlet)
  6 wargs
  2 vampire mosquitoes (D:10)
  Edmund (D:5)
  14 water moccasins
  3 acid dragons (D:12)
  A hell hound (Gauntlet)
  A small abomination (Abyss:2)
  28 orc warriors
  A naga skeleton (Abyss:2)
  An ice beast (D:7)
  A black bear (D:7)
  10 boggarts
  5 ogres (Orc:2)
  8 wolves
  9 centaurs
  4 kobold brigands
  A phantom (D:7)
  10 bullfrogs
  A gnoll sergeant (D:7)
  3 scorpions
  2 earth elementals
  5 wights (D:9)
  18 killer bees
  2 electric eels
  5 howler monkeys
  A crimson imp (D:8)
  2 sleepcaps
  Crazy Yiuf (D:6)
  4 hounds
  8 orc priests
  An iguana (D:4)
  7 hell rats (Lair:3)
  32 orc wizards
  21 gnolls
  7 adders
  4 white imps
  5 ufetubi
  A worm (D:4)
  4 dart slugs
  61 orcs
  10 ball pythons
  10 bats
  4 endoplasms
  2 giant cockroaches
  8 goblins
  19 hobgoblins
  3 quokkas
  7 frilled lizards
  23 kobolds
  13 rats
803 creatures vanquished.

Vanquished Creatures (others)
  A wizard (D:13)
  22 demonic plants (Gauntlet)
  32 fungi
  86 plants
141 creatures vanquished.

Grand Total: 944 creatures vanquished

Notes
Turn   | Place    | Note
-------+----------+-------------------------------------------
     0 | D:1      | jasper the Demonspawn Earth Elementalist began the quest
                  | for the Orb.
     0 | D:1      | Reached XP level 1. HP: 13/13 MP: 3/3
   322 | D:1      | Gained mutation: Spells you cast may paralyse adjacent
                  | enemies. [demonic ancestry]
   322 | D:1      | Reached XP level 2. HP: 19/19 MP: 1/5
   868 | D:1      | Gained mutation: Your touch may inflict minor irresistible
                  | damage on your foes. [demonic ancestry]
   868 | D:1      | Reached XP level 3. HP: 24/24 MP: 2/6
   871 | D:1      | Learned a level 2 spell: Passwall
   875 | D:1      | Learned a level 3 spell: Stone Arrow
  1064 | D:2      | Noticed Robin
  1347 | D:3      | Found a blossoming altar of Fedhas.
  1490 | D:3      | Found Jeory's General Store.
  1496 | D:3      | Bought a +0 arbalest for 49 gold pieces
  1595 | D:3      | Gained mutation: You are partially covered in thin metallic
                  | scales. (AC +2) [demonic ancestry]
  1595 | D:3      | Reached XP level 4. HP: 30/30 MP: 3/7
  1923 | D:4      | Reached skill level 5 in Earth Magic
  2006 | D:4      | Reached XP level 5. HP: 27/35 MP: 8/8
  2138 | D:4      | Gained mutation: A meltable shield of frost defends you.
                  | (SH +4) [demonic ancestry]
  2138 | D:4      | Reached XP level 6. HP: 41/41 MP: 6/9
  2352 | D:4      | Found a glowing drain.
  2360 | Sewer    | Entered a sewer
  2591 | Sewer    | Gained mutation: A meltable icy envelope protects you from
                  | harm. (AC +8) [demonic ancestry]
  2591 | Sewer    | Reached XP level 7. HP: 46/46 MP: 1/10
  3198 | D:5      | Entered Level 5 of the Dungeon
  3415 | D:5      | Found Usufydoary's Antique Weapon Shoppe.
  3428 | D:5      | Reached skill level 1 in Conjurations
  3454 | D:5      | Noticed Edmund
  3773 | D:6      | Reached XP level 8. HP: 52/52 MP: 9/11
  4460 | D:6      | Found a runed translucent door.
  4461 | D:6      | Noticed Crazy Yiuf
  4466 | D:6      | Killed Crazy Yiuf
  4510 | D:7      | Found a staircase to the Ecumenical Temple.
  4515 | Temple   | Entered the Ecumenical Temple
  4807 | D:7      | Reached skill level 5 in Conjurations
  4814 | D:7      | Reached skill level 1 in Fighting
  4816 | D:7      | Reached skill level 1 in Unarmed Combat
  4927 | D:7      | Identified the +6 great sword "Killer Bee's Bane" {holy,
                  | Dex+2}
  4949 | D:7      | Reached skill level 3 in Spellcasting
  5412 | D:7      | Reached skill level 4 in Spellcasting
  5523 | D:7      | Gained mutation: A meltable icy envelope protects you from
                  | harm. (AC +8) [demonic ancestry]
  5523 | D:7      | Reached XP level 9. HP: 62/62 MP: 12/15
  5765 | D:7      | Found Wudodgh Wanu's Book Emporium.
  5837 | Temple   | Became a worshipper of Vehumet
  6061 | D:5      | Killed Edmund
  6385 | D:8      | Found a shimmering altar of Xom.
  6385 | D:8      | Found a burning altar of Makhleb.
  6413 | D:8      | Noticed a two-headed ogre
  6425 | D:8      | Killed a two-headed ogre
  6426 | D:8      | Reached skill level 5 in Spellcasting
  6567 | D:8      | Reached skill level 6 in Spellcasting
  6901 | D:8      | Found an iron altar of Okawaru.
  7164 | D:9      | Noticed a troll
  7169 | D:9      | Killed a troll
  7170 | D:9      | Reached XP level 10. HP: 73/73 MP: 16/19
  7171 | D:9      | Found a staircase to the Lair.
  7178 | D:9      | Reached * piety under Vehumet
  7178 | D:9      | Offered knowledge of Freeze by Vehumet.
  7338 | D:9      | Found a flagged portal.
  7368 | Bailey   | Entered a bailey
  7428 | Bailey   | Reached skill level 5 in Dodging
  7434 | Bailey   | Reached skill level 5 in Fighting
  7492 | Bailey   | Reached skill level 7 in Spellcasting
  7706 | Bailey   | Reached ** piety under Vehumet
  7706 | Bailey   | Offered knowledge of Momentum Strike by Vehumet.
  7844 | Bailey   | Noticed an orc warlord
  7850 | Bailey   | Reached skill level 5 in Unarmed Combat
  7879 | Bailey   | Killed an orc warlord
  7880 | Bailey   | Reached skill level 8 in Spellcasting
  7909 | Bailey   | Identified the +6 chain mail of Fipnapnu {rPois Str+3}
  7918 | Bailey   | Reached skill level 9 in Spellcasting
  7918 | Bailey   | Gained mutation: Spells you cast may paralyse nearby
                  | enemies. [demonic ancestry]
  7918 | Bailey   | Reached XP level 11. HP: 84/84 MP: 22/24
  7919 | Bailey   | Reached skill level 10 in Spellcasting
  7919 | Bailey   | Reached XP level 12. HP: 92/92 MP: 22/26
  7920 | Bailey   | Reached skill level 11 in Spellcasting
  7920 | Bailey   | Gained mutation: Spells you cast and wands you use may
                  | paralyse nearby enemies. [demonic ancestry]
  7920 | Bailey   | Reached XP level 13. HP: 100/100 MP: 22/28
  8034 | D:7      | Bought a book of Unlife for 468 gold pieces
  8040 | D:7      | Learned a level 5 spell: Borgnjor's Vile Clutch
  8160 | D:9      | Reached skill level 1 in Necromancy
  8167 | D:9      | Offered knowledge of Scorch by Vehumet.
  8248 | D:9      | Identified the +0 leather armour of Polytheism {Dex+2}
  8336 | D:9      | Found an ancient bone altar of Kikubaaqudgha.
  8524 | D:10     | Entered Level 10 of the Dungeon
  8598 | D:10     | Reached *** piety under Vehumet
  8670 | D:10     | Found a sacrificial altar of Ru.
  8744 | D:10     | Found a runed translucent door.
  8746 | D:10     | Noticed bande's ghost (novice GrFi)
  8987 | D:10     | Found a shadowy altar of Dithmenos.
  8991 | D:10     | Found an opulent altar of Gozag.
  8994 | D:10     | Found a basalt altar of Yredelemnul.
  9013 | D:10     | Noticed Grum
  9018 | D:10     | Killed Grum
  9077 | D:10     | Found a hazy altar of Hepliaklqana.
  9157 | D:10     | Found a bloodstained altar of Trog.
  9341 | D:11     | Offered knowledge of Airstrike by Vehumet.
  9742 | D:11     | Reached XP level 14. HP: 106/108 MP: 3/29
 10117 | D:11     | Noticed Fannar
 10126 | D:11     | Killed Fannar
 10745 | Lair:1   | Entered Level 1 of the Lair of Beasts
 11000 | Lair:1   | Noticed Amaemon
 11019 | Lair:1   | Killed Amaemon
 11203 | Lair:1   | Noticed Erica
 11218 | Lair:1   | Killed Erica
 11219 | Lair:1   | Reached skill level 10 in Fighting
 11333 | Lair:1   | Identified the +2 robe "Zurr" {Harm rPois Str+6 Dex-4}
 12282 | D:7      | Bought a book of Alchemy for 364 gold pieces
 12285 | D:7      | Learned a level 2 spell: Sublimation of Blood
 12622 | D:12     | Found a sacrificial altar of Ru.
 12676 | D:12     | Found a staircase to the Orcish Mines.
 12681 | D:12     | Reached **** piety under Vehumet
 13055 | D:12     | Reached skill level 10 in Dodging
 13134 | D:12     | Found Bekauda's Assorted Antiques.
 13142 | D:12     | Bought a fuming white potion for 34 gold pieces
 13426 | D:12     | Reached skill level 10 in Unarmed Combat
 13427 | D:12     | Offered knowledge of Volatile Blastmotes by Vehumet.
 13429 | D:12     | Reached skill level 1 in Shields
 14589 | Lair:2   | Reached skill level 5 in Shields
 15149 | Lair:2   | Identified the +4 whip of Taal {vamp, rF+ Will+}
 15743 | Lair:3   | Found a hole to the Spider Nest.
 15781 | Lair:3   | Reached ***** piety under Vehumet
 16104 | Lair:3   | Reached skill level 12 in Spellcasting
 16358 | Lair:3   | Offered knowledge of Lee's Rapid Deconstruction by Vehumet.
 16365 | Lair:3   | Learned a level 5 spell: Lee's Rapid Deconstruction
 16457 | Lair:3   | Reached skill level 5 in Necromancy
 16673 | Lair:3   | Found a staircase to the Swamp.
 17202 | Lair:4   | Learned a level 3 spell: Swiftness
 17284 | Lair:4   | Found a viscous altar of Jiyva.
 17584 | Lair:4   | Reached XP level 15. HP: 106/115 MP: 29/31
 18367 | Lair:5   | Entered Level 5 of the Lair of Beasts
 18375 | Lair:5   | Noticed LobsterGuardian's ghost (journeyman TrBr)
 18678 | Lair:5   | Found a transporter.
 18715 | Lair:5   | HP: 1/115 [skyshark (12)]
 18717 | Lair:5   | Found a gate leading to a gauntlet.
 18722 | Lair:5   | Reached skill level 10 in Earth Magic
 18759 | Gauntlet | Entered a Gauntlet
 18759 | Gauntlet | Found a transporter.
 18759 | Gauntlet | Found a transporter.
 18759 | Gauntlet | Found a transporter.
 18984 | Gauntlet | Found a transporter.
 18986 | Gauntlet | Found a transporter.
 18994 | Gauntlet | Found a transporter.
 18998 | Gauntlet | Found a transporter.
 19008 | Gauntlet | Found a transporter.
 19100 | Gauntlet | Found a transporter.
 19110 | Gauntlet | Found a transporter.
 19114 | Gauntlet | Found a transporter.
 19130 | Gauntlet | Found a transporter.
 19349 | Gauntlet | Reached skill level 13 in Spellcasting
 19868 | Orc:1    | Entered Level 1 of the Orcish Mines
 19970 | Orc:1    | Noticed Snorg
 19981 | Orc:1    | Killed Snorg
 20478 | Orc:2    | Entered Level 2 of the Orcish Mines
 21069 | Orc:2    | Found a staircase to the Elven Halls.
 21675 | Orc:2    | Found a radiant altar of Vehumet.
 21675 | Orc:2    | Noticed Erolcha
 21690 | Orc:2    | Killed Erolcha
 21834 | Orc:2    | Found Wiraatuf's Book Boutique.
 21837 | Orc:2    | Noticed Nergalle
 21843 | Orc:2    | Killed Nergalle
 21949 | Orc:2    | Found an ancient bone altar of Kikubaaqudgha.
 22036 | Orc:2    | Found Lapteb's Magic Scroll Boutique.
 22041 | Orc:2    | Found Luyrel's Jewellery Shop.
 22044 | Orc:2    | Bought a scroll of fear for 64 gold pieces
 22044 | Orc:2    | Bought a scroll of blinking for 120 gold pieces
 22044 | Orc:2    | Bought a scroll of enchant armour for 120 gold pieces
 22142 | Orc:2    | Found Nyfum's Antique Weapon Shop.
 23091 | Lair:5   | Identified the +1 flail "Rimoabocs" {flame, Will+}
 23328 | Lair:5   | Offered knowledge of Iron Shot by Vehumet.
 23351 | Lair:5   | Learned a level 6 spell: Iron Shot
 23599 | Lair:5   | Found the ring of the Octopus King
 23611 | Lair:5   | Identified a ring of the Octopus King {HP+2 AC+2 EV+2 SH+2
                  | SInv}
 23795 | Lair:5   | Reached XP level 16. HP: 122/122 MP: 28/33
 23983 | Lair:5   | Found a bloodstained altar of Trog.
 23992 | Lair:5   | Found a transporter.
 24612 | D:13     | Found a gate to the Vaults.
 25498 | D:14     | Offered knowledge of Fireball by Vehumet.
 25942 | D:14     | Noticed Rupert
 25943 | D:14     | Noticed Kirke
 25945 | D:14     | Noticed a sphinx
 25949 | D:14     | Killed Rupert
 25956 | D:14     | Reached skill level 10 in Conjurations
 26451 | D:14     | Found a runed translucent gate.
 26452 | D:14     | Found a runed translucent gate.
 26453 | D:14     | Found a runed translucent gate.
 26454 | D:14     | Noticed Sobieck's ghost (journeyman SpVM)
 26472 | D:14     | Killed Kirke
 26754 | D:15     | Entered Level 15 of the Dungeon
 26953 | D:15     | Reached skill level 10 in Necromancy
 27583 | D:15     | Reached skill level 14 in Spellcasting
 28180 | D:15     | Found a staircase to the Depths.
 28370 | Elf:1    | Entered Level 1 of the Elven Halls
 28631 | Elf:1    | You fall into a shaft and drop 1 floor!
 28991 | Elf:1    | Reached XP level 17. HP: 117/128 MP: 32/35
 29910 | Elf:2    | Found a runed translucent gate.
 29911 | Elf:2    | Found a runed translucent gate.
 29911 | Elf:2    | Found a runed translucent gate.
 30040 | Elf:2    | Offered knowledge of Spellforged Servitor by Vehumet.
 30409 | Elf:2    | Found Gonuy's Antique Weapon Emporium.
 30529 | Elf:3    | Entered Level 3 of the Elven Halls
 30635 | Elf:3    | Paralysed by an air elemental for 1 turns
 30772 | Elf:3    | Noticed a deep elf blademaster
 30782 | Elf:3    | Killed a deep elf blademaster
 30783 | Elf:3    | Reached skill level 15 in Spellcasting
 30996 | Elf:3    | Found the +12 pair of quick blades "Gyre" and "Gimble"
                  | {protect}
 31021 | Abyss:2  | Cast into level 2 of the Abyss (a deep elf sorcerer)
 31215 | Abyss:2  | Noticed a bone dragon
 31764 | Abyss:2  | Killed from afar by a deep elf sorcerer

Illustrated notes

Levels and vault maps discovered:
D:1:      doesnt_arrival_eight_statues, layout_basic, minmay_tripent
D:2:      cheibrodos_helix_gallery, layout_rooms, uniq_robin
D:3:      layout_loops_cross, fedhas_altar_fruit_tree, serial_shops,
          nicolae_shop_tiny_statue_garden
D:4:      layout_basic, portal_sewer_entry_e, minivault_19
D:5:      layout_cave_pools, serial_shops, shop, uniq_edmund
D:6:      layout_loops_ring, uniq_crazy_yiuf_cottage
D:7:      layout_gridville, minmay_temple_entry_statues_pillars, serial_shops,
          shop
D:8:      layout_basic, grunt_temple_overflow_champion_of_chaos,
          lemuel_tele_altar
D:9:      layout_rooms, kennysheep_little_box, dpeg_oklobed_lair,
          lightli_bailey_entry_fortress
D:10:     layout_rooms, worldfamousw_hep_ancestral_shrine,
          mainiacjoe_overflow_24_doors, lightli_temple_of_fire,
          grunt_temple_overflow_diamond, hellmonk_ghost_happy_afterlife,
          uniq_grum
D:11:     layout_loops_ring, minmay_sticks_and_stones, uniq_fannar
D:12:     dreamdust_cave_troll, layout_cave_pods, david_orc_2, serial_shops,
          shop, nicolae_ru_great_annihilating_truth
D:13:     layout_cave_pools, grunt_vaults_entry_tiered
D:14:     layout_cave_pools, hangedman_abyss_or_decor_passed,
          gammafunk_ghost_hydra_chop, uniq_rupert, uniq_kirke
D:15:     gammafunk_enter_depths_forms, layout_loops_ring
Temple:   nicolae_temple_bog_church
Lair:1:   layout_regular_city, serial_bayou_lagoon_b, uniq_erica, uniq_amaemon
Lair:2:   layout_hall_layers
Lair:3:   layout_chaotic_city, swamp_mist_pool,
          hellmonk_spider_entry_not_the_bees, enter_volcano_4,
          infiniplex_staircase_pool_2
Lair:4:   layout_layer_cave, minmay_slime_entry_oklob_open, minmay_holes,
          grunt_forest_stairs_basic
Lair:5:   gammafunk_lair_ancient_temple, layout_regular_city, serial_bayou,
          serial_bayou_pond_e, serial_bayou_pond_e, serial_bayou_pond_b,
          serial_bayou_pond_c, gauntlet_entry_generic,
          gammafunk_ghost_wrathful_warriors, serial_bayou_pond_b,
          dreamdust_wasp_nest
Orc:1:    layout_diamond_mine, hellmonk_bongcloud_opening, uniq_snorg
Orc:2:    kennysheep_orc_mage_school, layout_caves
Elf:1:    layout_geoelf_octagon, minmay_elf_crystal_hexagon
Elf:2:    nicolae_elf_blades_crystal_corner, layout_gridlike, serial_shops,
          nicolae_shop_hallway_stairs
Elf:3:    grunt_elf_hall_spiral, layout_gridlike, kilobyte_mutagenic_chamber
Abyss:2:  base:
Volcano

Skill      XL: |  1  2  3  4  5  6  7  8  9 10 11 12 13 14 15 16 17 |
---------------+----------------------------------------------------+-----
Earth Magic    | 3 4 5 6 7 8 9 11 12 13 | 13.0
Conjurations   | 4 5 10 | 10.0
Dodging        | 3 4 6 7 8 10 | 10.0
Fighting       | 2 4 7 8 9 10 | 10.0
Unarmed Combat | 2 4 6 7 8 10 | 10.0
Spellcasting   | 4 6 9 10 11 12 13 14 15 | 15.0
Necromancy     | 2 5 9 11 12 | 12.6
Shields        | 5 |  5.2
Stealth        | |  1.7
Transmutations | |  0.8

Action                     |  1- 3 |  4- 6 |  7- 9 | 10-12 | 13-15 | 16-18 || total
---------------------------+-------+-------+-------+-------+-------+-------++-------
  Melee: Spear             |     9 |       |       |       |       |       ||     9
         Short sword       |       |     5 |       |       |       |       ||     5
         Arbalest          |       |       |     6 |       |       |       ||     6
         Unarmed           |       |       |       |     9 |   217 |   147 ||   373
         Touch             |       |       |       |     1 |    14 |       ||    15
         Punch             |       |       |       |       |     6 |       ||     6
   Fire: Arbalest          |       |    33 |    66 |     7 |       |       ||   106
  Throw: Dart              |       |       |       |     1 |       |       ||     1
         Throwing net      |       |       |       |     1 |       |       ||     1
   Cast: Sandblast         |    60 |    46 |   117 |   112 |   287 |    67 ||   689
         Stone Arrow       |       |       |     6 |       |   100 |    62 ||   168
         Borgnjor's Vile C |       |       |       |       |   337 |   142 ||   479
         Sublimation of Bl |       |       |       |       |    56 |    35 ||    91
         Swiftness         |       |       |       |       |     1 |     5 ||     6
         Iron Shot         |       |       |       |       |       |   120 ||   120
         Lee's Rapid Decon |       |       |       |       |       |    23 ||    23
  Evoke: Wand              |       |       |       |     4 |    14 |     1 ||    19
    Use: Scroll            |       |     4 |     8 |    11 |    14 |     3 ||    40
         Potion            |       |       |     1 |     5 |     7 |     1 ||    14
   Stab: Paralysed         |       |       |       |     4 |    45 |    29 ||    78
 Armour: Robe              |    10 |    11 |    47 |     5 |       |       ||    73
         Steam dragon scal |       |       |       |    16 |   135 |    91 ||   242
  Dodge: Dodged            |    24 |    16 |    34 |    52 |   215 |   118 ||   459
  Block: Other             |       |     1 |     6 |    11 |    13 |       ||    31
         Buckler           |       |       |       |       |   123 |   130 ||   253

Table legend: (Time is in decaauts)
 A = Elapsed time spent in this place.
 B = Non-inter-level travel time spent in this place.
 C = Inter-level travel time spent in this place.
 D = Time resting spent in this place.
 E = Time spent auto-exploring this place.
 F = Levels seen in this place.
 G = Mean time per level.
                   A        B        C        D        E       F      G
               +--------+--------+--------+--------+--------+-----+--------+
         Total |  32275 |  30534 |   1741 |   1621 |  23796 |  30 | 1075.8 |
       Dungeon |  15819 |  14661 |   1158 |    678 |  11825 |  15 | 1054.6 |
        Temple |    259 |    197 |     62 |      0 |    185 |   1 |  259.0 |
          Lair |   8152 |   7805 |    347 |    264 |   6161 |   5 | 1630.4 |
  Orcish Mines |   2554 |   2443 |    111 |     21 |   2111 |   2 | 1277.0 |
   Elven Halls |   2654 |   2593 |     61 |    414 |   1774 |   3 |  884.7 |
         Abyss |    743 |    743 |      0 |     51 |    525 |   1 |  743.0 |
         Sewer |    511 |    511 |      0 |      0 |    376 |   1 |  511.0 |
        Bailey |    644 |    644 |      0 |     11 |    349 |   1 |  644.0 |
      Gauntlet |    936 |    936 |      0 |    182 |    489 |   1 |  936.0 |
               +--------+--------+--------+--------+--------+-----+--------+

Top non-repeatable levels by time:
  Lair:5: 2029 daAuts
   Orc:2: 1911 daAuts
  Lair:3: 1792 daAuts
    D:12: 1684 daAuts
  Lair:1: 1584 daAuts
    D:15: 1554 daAuts
  Lair:2: 1484 daAuts
     D:7: 1428 daAuts
   Elf:1: 1400 daAuts
    D:11: 1304 daAuts
    D:14: 1292 daAuts
    D:13: 1264 daAuts
  Lair:4: 1261 daAuts
     D:6: 1067 daAuts
    D:10: 1024 daAuts
